 Dungeon Crawl Stone Soup version 0.26.1-11-gd32895ea62 (console) character file.

Game seed: 15893377468606385843

1903 erker the Digger (level 9, -3/48 HPs)
             Began as a Gargoyle Earth Elementalist on July 2, 2021.
             Was an Initiate of the Shining One.
             Slain by an iguana (9 damage)
             ... on level 7 of the Dungeon.
             The game lasted 00:31:29 (8085 turns).

erker the Digger (Gargoyle Earth Elementalist)      Turns: 8085, Time: 00:31:29

Health: -3/48      AC: 12    Str: 12    XL:     9   Next: 15%
Magic:  11/12      EV: 10    Int: 19    God:    the Shining One [......]
Gold:   274        SH:  0    Dex: 10    Spells: 5/12 levels left

rFire    . . .     SeeInvis .   b - +0 rapier
rCold    . . .     Faith    .   (no shield)
rNeg     + . .     Spirit   .   d - +0 ring mail
rPois    ∞         Reflect  .   (no helmet)
rElec    +         Harm     .   (no cloak)
rCorr    .         Rampage  .   (no gloves)
Will     .....                  (no boots)
Stlth    +.........             (no amulet)
HPRegen  0.16/turn              (no ring)
MPRegen  0.13/turn              (no ring)

@: glowing
A: negative energy resistance 1, electricity resistance, unbreathing,
petrification resistance, miasma immunity, AC +6
a: Renounce Religion


You were on level 7 of the Dungeon.
You worshipped the Shining One.
The Shining One was noncommittal.
You visited 2 branches of the dungeon, and saw 8 of its levels.
You also visited: Ossuary.

You collected 274 gold pieces.

Inventory:

Hand Weapons
 a - a +0 dagger
 b - a +0 rapier (weapon)
 e - a +0 spear
 s - a cursed -3 hand axe
Missiles
 i - 27 bolts
 q - 40 stones
 C - 2 curare-tipped darts (quivered)
 D - 6 atropa-tipped darts
Armour
 c - a +0 robe
 d - a +0 ring mail (worn)
Jewellery
 f - an uncursed amulet of faith {unknown}
Scrolls
 g - a scroll of fog {unknown}
 h - a scroll of enchant weapon {unknown}
 l - 3 scrolls of magic mapping {unknown}
 m - 2 scrolls of amnesia {unknown}
 p - 5 scrolls of remove curse {unknown}
 r - 2 scrolls of identify {unknown}
 t - 2 scrolls of enchant armour {unknown}
 x - 2 scrolls of immolation {unknown}
 y - a scroll of noise {unknown}
 z - 2 scrolls of random uselessness {unknown}
Potions
 j - 2 potions of lignification {unknown}
 k - 2 potions of cancellation
 n - 9 potions of degeneration {unknown}
 o - a potion of magic {unknown}
 u - 2 potions of haste {unknown}
 v - 2 potions of curing {unknown}
 w - a potion of ambrosia {unknown}
 A - a potion of invisibility {unknown}
 B - 2 potions of flight


   Skills:
 - Level 2.0 Fighting
 - Level 4.0 Short Blades
 - Level 4.0 Armour
 - Level 1.5 Dodging
 - Level 4.0 Stealth
 - Level 2.0 Spellcasting
 - Level 6.0 Transmutations
 + Level 7.9 Earth Magic


You had 5 spell levels left.
You knew the following spells:

 Your Spells              Type           Power        Failure   Level
a - Sandblast             Erth           64%          1%          1
p - Petrify               Tmut/Erth      28%          21%         4
w - Passwall              Tmut/Erth      23%          3%          2

Your spell library contained the following spells:

 Spells                   Type           Power        Failure   Level
 Stone Arrow              Conj/Erth      34%          22%         3
 Lee's Rapid Deconstruct  Erth           16%          36%         5


Dungeon Overview and Level Annotations

Branches:
Dungeon (7/15)             Temple (1/1) D:6         Ossuary (visited)

Altars:
Ashenzari
Cheibriados
Gozag
Hepliaklqana
Kikubaaqudgha
Makhleb
Nemelex Xobeh
Okawaru
Qazlal
Ru
Sif Muna
Trog
Uskayaw
Vehumet
Wu Jian
Xom
Yredelemnul
Zin
The Shining One

Shops:
D:4 (   D:6 *

Annotations:
D:3 Edmund
D:4 Natasha
D:6 exclusions: statue and wyvern, Pikel


Innate Abilities, Weirdness & Mutations

You are resistant to torment.
Your stone body is resilient. (AC +6)
You are immune to poison.
You resist negative energy. (rN+)
You are resistant to electric shocks. (rElec)
You can survive without breathing.
You are immune to petrification.
You are immune to miasma.


Message History

You destroy the phantom!
The Shining One accepts your kill.
q - 40 stones An iguana comes into view.
You are too injured to fight recklessly!
You are too injured to fight recklessly!
The iguana hisses angrily.
You hit the iguana but do no damage. The iguana barely misses you.
You barely miss the iguana. The iguana bites you.
You hit the iguana.
The iguana is lightly wounded.
The iguana bites you!
* * * LOW HITPOINT WARNING * * *
You barely miss the iguana.
The iguana is lightly wounded.
The iguana barely misses you.
You hit the iguana.
The iguana is moderately wounded.
The iguana bites you!
You die...

.....? ###..# ?...
#..?.## ... #.....#
##'#######.# ##
#####...#.≈W...# .<#
#..........###.###..#
......#.#.## #......##
........†######..#...##
#.##..#.#.l@.......#...
# #....#.###........#
...#..#.##...........
.........###......####
#.###.##.........#.# #.
#. #.#####..##.# #. ..
#.###.### #. #.# #...
#.#.###.###.#


You could see an iguana.

Vanquished Creatures
  Prince Ribbit (D:5)
  Sigmund (D:5)
  An ice beast (D:7)
  A sky beast (D:7)
  A phantom (D:7)
  A centaur (D:5)
  2 bullfrogs
  4 scorpions
  A howler monkey (D:5)
  2 bullfrog zombies
  A jelly (D:6)
  2 hounds (D:6)
  2 quasits
  3 human zombies (Ossuary)
  An orc priest (D:3)
  2 orc wizards
  Natasha (D:4)
  3 worker ants
  A big kobold zombie (Ossuary)
  A hound zombie (D:6)
  2 hound skeletons
  4 mummies (Ossuary)
  A howler monkey zombie (D:6)
  3 gnolls (D:5)
  8 adders
  3 shadow imps
  An ufetubus (D:5)
  2 oozes
  An adder zombie (D:6)
  An adder skeleton (D:7)
  A worm (D:3)
  3 leopard geckos
  17 orcs
  4 bats
  2 gnoll zombies (Ossuary)
  3 goblins
  5 hobgoblins
  8 jackals
  A ball python (D:4)
  A frilled lizard (D:3)
  A goblin zombie (Ossuary)
  9 kobolds
  A kobold zombie (Ossuary)
  7 rats
121 creatures vanquished.

Notes
Turn   | Place    | Note
-------+----------+-------------------------------------------
     0 | D:1      | erker the Gargoyle Earth Elementalist began the quest for
                  | the Orb.
     0 | D:1      | Reached XP level 1. HP: 10/10 MP: 3/3
   341 | D:1      | Reached skill level 4 in Earth Magic
   528 | D:1      | Reached skill level 1 in Fighting
   528 | D:1      | Reached XP level 2. HP: 13/16 MP: 5/5
   531 | D:1      | Learned a level 2 spell: Passwall
  1441 | D:2      | Reached skill level 1 in Short Blades
  1441 | D:2      | Reached XP level 3. HP: 7/21 MP: 2/6
  2051 | D:2      | Found a shimmering blue altar of Sif Muna.
  2161 | D:2      | Found a sparkling altar of Nemelex Xobeh.
  2623 | D:3      | HP: 1/21 [orc/+0 flail (2)]
  2632 | D:3      | Reached XP level 4. HP: 26/26 MP: 1/7
  3022 | D:3      | Reached XP level 5. HP: 23/30 MP: 8/8
  3460 | D:4      | Noticed Edmund
  3461 | D:4      | Noticed Natasha
  3744 | D:4      | Reached skill level 1 in Transmutations
  3747 | D:4      | Reached XP level 6. HP: 22/35 MP: 3/9
  3800 | D:4      | Killed Natasha
  3852 | D:5      | Entered Level 5 of the Dungeon
  3891 | D:5      | Noticed Sigmund
  3898 | D:5      | Killed Sigmund
  3899 | D:5      | Reached skill level 5 in Earth Magic
  3899 | D:5      | Reached XP level 7. HP: 27/40 MP: 6/10
  3994 | D:5      | Noticed Prince Ribbit
  4030 | D:4      | Noticed Natasha
  4085 | D:4      | Found Olatyuw's Weapon Shop.
  4139 | D:5      | Found a sand-covered staircase.
  4219 | Ossuary  | Entered an ossuary
  4819 | D:5      | Found a hide-covered altar of Uskayaw.
  4822 | D:5      | Noticed a +0 hand axe
  4823 | D:5      | Noticed a +0 dagger
  4961 | D:5      | Reached skill level 6 in Earth Magic
  5010 | D:5      | Reached skill level 1 in Armour
  5010 | D:5      | Reached XP level 8. HP: 39/44 MP: 7/11
  5183 | D:5      | Killed Prince Ribbit
  6018 | D:6      | Found a radiant altar of Vehumet.
  6061 | D:6      | Reached skill level 5 in Transmutations
  6518 | D:6      | Noticed a wyvern
  6568 | D:6      | Found Penaom's Elemental Accessories.
  6609 | D:6      | Noticed Pikel
  6862 | D:6      | Learned a level 4 spell: Petrify
  7030 | D:6      | Found a staircase to the Ecumenical Temple.
  7039 | Temple   | Entered the Ecumenical Temple
  7196 | Temple   | Became a worshipper of the Shining One
  8018 | D:7      | Reached XP level 9. HP: 38/48 MP: 10/12
  8042 | D:7      | Reached skill level 7 in Earth Magic
  8085 | D:7      | Slain by an iguana

Illustrated notes

Levels and vault maps discovered:
D:1:      ncdulo_wetmaze, layout_loops_ring
D:2:      layout_basic, led_sif_pool, nemelex_spade_bored_becter
D:3:      layout_rooms
D:4:      layout_rooms, serial_shops,
          nicolae_shop_temple_entry_statues_fountains, uniq_grinder,
          uniq_natasha, uniq_edmund
D:5:      layout_basic, dancing_weapons_uskayaw, enter_ossuary_2, uniq_sigmund,
          uniq_prince_ribbit1
D:6:      layout_layer_cave, vehumet_statue, minmay_temple_entry_junction,
          nicolae_elemental_shop, uniq_pikel
D:7:      layout_loops_ring, gammafunk_temple_overflow_wave,
          kennysheep_generic_room_2
Temple:   eino_temple_scatter_basement

Skill      XL: |  1  2  3  4  5  6  7  8  9 |
---------------+----------------------------+-----
Earth Magic    | 4 5 6 7 |  7.9
Fighting       | 1 2 |  2.0
Short Blades   | 1 2 3 4 |  4.0
Transmutations | 1 3 4 6 |  6.0
Stealth        | 4 |  4.0
Armour         | 1 4 |  4.0
Dodging        | |  1.5
Spellcasting   | |  2.0

Action                   |  1- 3 |  4- 6 |  7- 9 || total
-------------------------+-------+-------+-------++-------
Melee: Short sword       |    68 |       |       ||    68
       Club              |     9 |       |       ||     9
       Rapier            |    27 |   114 |   364 ||   505
       Dagger            |    22 |       |    26 ||    48
 Cast: Sandblast         |    18 |    18 |    44 ||    80
       Passwall          |     1 |       |     9 ||    10
  Use: Potion            |     3 |       |       ||     3
 Stab: Sleeping          |     1 |       |     9 ||    10
Armor: Robe              |    36 |     8 |     7 ||    51
       Ring mail         |       |    42 |   209 ||   251
Dodge: Dodged            |    81 |    72 |   221 ||   374
